 Dungeon Crawl Stone Soup version 0.18-a0-19-g8b99b3a (webtiles) character file.

33 st0uf the Sneak (level 3, 0/28 HPs)
             Began as a Naga Enchanter on Nov 1, 2015.
             Slain by a goblin (4 damage)
             ... on level 1 of the Dungeon.
             The game lasted 00:07:10 (595 turns).

st0uf the Sneak (Naga Enchanter)                     Turns: 595, Time: 00:07:10

Health: 0/28       AC:  3    Str: 10    XL:     3   Next: 29%
Magic:  3/6        EV: 10    Int: 16    God:
Gold:   46         SH:  0    Dex: 11    Spells: 2 memorised, 2 levels left

rFire  . . .     SeeInvis +     h - +1 dagger (flame)
rCold  . . .     Clarity  .     b - +1 robe
rNeg   . . .     SustAt   .     (no shield)
rPois  +         Gourm    .     (no helmet)
rElec  .         Spirit   .     (no cloak)
rCorr  .         Warding  .     (no gloves)
rMut   .         Stasis   .     (no barding)
MR     .....                    (no amulet)
Stlth  +++.......               (no ring)
                                (no ring)

@: short of breath, very slow, not resistant to hostile enchantments, fairly
stealthy
A: see invisible, deformed body, poison resistance, slowness 2, slow metabolism
1, spit poison 2, AC +1
a: Spit Poison


You were on level 1 of the Dungeon.
You were not hungry.

You visited 1 branch of the dungeon, and saw 1 of its levels.

You collected 46 gold pieces.

Inventory:

Hand Weapons
 a - a +1 dagger
 h - a +1 dagger of flaming (weapon)
Armour
 b - a +1 robe (worn)
Scrolls
 g - a scroll of noise {unknown}
 i - a scroll of teleportation {unknown}
 k - a scroll of identify {unknown}
 n - a scroll of amnesia {unknown}
Potions
 e - a potion of curing {unknown}
 l - a potion of invisibility {unknown}
 m - a potion of heal wounds {unknown}
 o - a potion of lignification {unknown}
Books
 c - a book of Maledictions

   Spells                             Type                      Level
   a - Corona                         Hexes                        1
   b - Ensorcelled Hibernation        Hexes/Ice                    2
   c - Confuse                        Hexes                        3
   d - Tukima's Dance                 Hexes                        3
   e - Dazzling Spray                 Conjuration/Hexes            3
Comestibles
 d - 2 bread rations
 f - a beef jerky
 j - 11 chunks of flesh


   Skills:
 - Level 1.0 Short Blades
 - Level 1.5 Dodging
 - Level 4.4 Stealth
 - Level 2.0 Spellcasting
 + Level 4.2 Hexes


You had 2 spell levels left.
You knew the following spells:

 Your Spells              Type           Power        Failure   Level  Hunger
a - Corona                Hex            ###....      4%          1    #......
b - Confuse               Hex            ###.....     12%         3    ###....


Dungeon Overview and Level Annotations

Branches:
Dungeon (1/15)

Altars:


Innate Abilities, Weirdness & Mutations

You cannot wear boots.
Your serpentine skin is tough (AC +1).
You have supernaturally acute eyesight.
Armour fits poorly on your strangely shaped body.
Your system is resistant to poisons.
You cover ground very slowly.
You have a slow metabolism.
You can spit poison.


Message History

Aim: a goblin (fast, chance to defeat MR: 84%)
The goblin is outlined in light.
The goblin barely misses you.
You hit the goblin. You burn the goblin.
The goblin is severely wounded.
The goblin hits you.
You completely miss the goblin.
The goblin is severely wounded.
The goblin hits you.
* * * LOW HITPOINT WARNING * * *
The goblin barely misses you.
You closely miss the goblin.
The goblin is severely wounded.
The goblin hits you.
* * * LOW HITPOINT WARNING * * *
You closely miss the goblin.
The goblin is severely wounded.
The goblin hits you.
* * * LOW HITPOINT WARNING * * *
The goblin hits you.
You die...

#............#
+.#####.####.#
#.# #.#
.########.####.#
...............#
.#####.########
#.# #@# #g# #
########)# #
.......#.# #
#...# # ##..# #
#..# # #..# #
...#


You could see a goblin.

Vanquished Creatures
  A giant gecko (D:1)
  4 goblins (D:1)
  9 hobgoblins (D:1)
  4 jackals (D:1)
  4 kobolds (D:1)
  A ball python (D:1)
  3 giant newts (D:1)
26 creatures vanquished.

Notes
Turn   | Place    | Note
--------------------------------------------------------------
     0 | D:1      | st0uf the Naga Enchanter began the quest for the Orb.
     0 | D:1      | Reached XP level 1. HP: 15/15 MP: 3/3
    98 | D:1      | Reached XP level 2. HP: 22/22 MP: 3/5
   455 | D:1      | Reached XP level 3. HP: 28/28 MP: 4/6
   467 | D:1      | Learned a level 3 spell: Confuse
   595 | D:1      | Slain by a goblin

Vault maps used:
D:1:      dpeg_arrival_boxorama, minmay_liquid_box, minmay_box_of_dots

Action                   || total
-------------------------++-------
Melee: Dagger            ||    41
 Cast: Corona            ||    30
 Abil: Spit Poison       ||    27
  Eat: Chunk             ||     1
